 Dungeon Crawl Stone Soup version 0.27-a0-396-g03f4e8edb7 (webtiles) character file.

Game seed: 12824809662591220333

548 CryoSword the Chopper (level 7, -3/61 HPs)
             Began as a Minotaur Monk on Feb 21, 2021.
             Slain by an ogre
             ... wielding a +0 giant spiked club
              (21 damage)
             ... on level 4 of the Dungeon.
             The game lasted 00:06:11 (4078 turns).

CryoSword the Chopper (Minotaur Monk)               Turns: 4078, Time: 00:06:11

Health: -3/61      AC: 12    Str: 17    XL:     7   Next: 7%
Magic:  6/6        EV:  9    Int:  7    God:
Gold:   150        SH:  9    Dex: 13    Spells: 6/6 levels left

rFire    . . .     SeeInvis +   a - +2 hand axe (flame)
rCold    . . .     Faith    .   d - +0 kite shield
rNeg     + . .     Spirit   .   s - +0 scale mail
rPois    .         Reflect  .   (helmet restricted)
rElec    .         Harm     .   w - +2 cloak
rCorr    .         Rampage  .   n - +0 pair of gloves
Will     .....                  g - +0 pair of boots
Stlth    ..........             (no amulet)
HPRegen  0.20/turn              p - ring of see invisible
MPRegen  0.10/turn              e - ring of positive energy

@: no status effects
A: retaliatory headbutt, horns 2
a: no special abilities


You were on level 4 of the Dungeon.
You visited 1 branch of the dungeon, and saw 4 of its levels.

You collected 150 gold pieces.

Inventory:

Hand Weapons
 a - a +2 hand axe of flaming (weapon)
   (You took it off an orc priest on level 3 of the Dungeon)
Missiles
 h - 18 poisoned darts (quivered)
 o - 77 bolts
 v - 3 boomerangs
Armour
 d - a +0 kite shield (worn)
   (You found it on level 1 of the Dungeon)
 g - a +0 pair of boots (worn)
   (You found it on level 1 of the Dungeon)
 n - a +0 pair of gloves (worn)
   (You found it on level 2 of the Dungeon)
 s - a +0 scale mail (worn)
   (You found it on level 2 of the Dungeon)
 w - a +2 cloak (worn)
   (You found it on level 2 of the Dungeon)
Jewellery
 e - a ring of positive energy (right hand)
   (You found it on level 1 of the Dungeon)
 f - a ring of flight
   (You found it on level 1 of the Dungeon)
 k - a ring of magical power
   (You found it on level 1 of the Dungeon)
 p - a ring of see invisible (left hand)
   (You found it on level 2 of the Dungeon)
 r - a ring of fire
   (You found it on level 2 of the Dungeon)
Wands
 C - a wand of digging (1)
   (You found it on level 4 of the Dungeon)
Scrolls
 b - a scroll of immolation {unknown}
 i - 3 scrolls of identify {@r1}
 j - 2 scrolls of teleportation {@r4}
 l - a scroll of fog {unknown}
 x - a scroll of amnesia {unknown}
 y - a scroll of blinking {unknown}
 B - a scroll of magic mapping {unknown}
Potions
 c - 2 potions of heal wounds {@q2}
 m - 2 potions of curing {unknown}
 q - a potion of degeneration {!q}
 t - a potion of attraction {unknown}
 u - 3 potions of haste {unknown}
 z - a potion of lignification {unknown}
 A - a potion of brilliance {unknown}


   Skills:
 + Level 5.1 Fighting
 * Level 6.5 Axes
 + Level 3.0 Armour
 - Level 3.2 Dodging
 - Level 1.5 Stealth
 * Level 5.0 Shields


You had 6 spell levels left.
You didn't know any spells.
Your spell library was empty.

Dungeon Overview and Level Annotations

Branches:
Dungeon (4/15)
 Temple: D:4-7

Altars:
Ashenzari
Gozag
Kikubaaqudgha
Yredelemnul
Zin


Innate Abilities, Weirdness & Mutations

You reflexively headbutt those who attack you in melee.
You have a pair of horns on your head.


Message History

You feel sick.
You feel sick.
You feel sick.
You feel sick.
You are no longer poisoned.
Items here: )) [[.
Things that are here:
a +0 dagger; a +0 leather armour; an adder corpse
Found a stone staircase leading up.
Found a spear.
You now have 150 gold pieces (gained 9).
Found a hunting sling.
Found a stone staircase leading up.
Found an escape hatch in the floor.
Found a stone staircase leading down.
There is an escape hatch in the floor here.
There is a stone staircase leading down here.
Found 14 stones.
An ogre comes into view. It is wielding a +0 giant club.
The ogre shouts!
An ogre is nearby!
An ogre is nearby!
An ogre is nearby!
You slash the ogre! You burn the ogre. You headbutt the ogre!
You block the ogre's attack.
You hit the ogre. You burn the ogre. Your headbutt misses the ogre.
You block the ogre's attack.
You hit the ogre but do no damage. You headbutt the ogre.
You kill the ogre!
Your Fighting skill increases to level 5!
No target in view!
No target in view!
You see here a +0 giant club.
You see here 14 stones.
A jackal comes into view.
The jackal barks!
You hear a bark!
A jackal comes into view.
There are monsters nearby!
There are monsters nearby!
There are monsters nearby!
You miss the jackal.
The jackal bites you but does no damage.
A jackal comes into view.
The jackal barks!
You slash the jackal! You burn the jackal.
You kill the jackal!
The jackal bites you but does no damage.
You hit the jackal. You burn the jackal.
You kill the jackal!
You block the jackal's attack.
You hit the jackal but do no damage.
The jackal bites you but does no damage.
The jackal closely misses you.
You closely miss the jackal. The jackal barely misses you.
You hit the jackal. You burn the jackal. You block the jackal's attack. x2
You slash the jackal! You burn the jackal.
You kill the jackal!
No target in view!
No target in view!
You see here 14 stones.
Could not explore, unopened door.
Could not explore, unopened door.
Could not explore, unopened door.
As you open the door, it creaks loudly!
Found 6 gold pieces.
Found a glowing silver altar of Zin.
There is an open door here.
There is an open door here.
Found an escape hatch in the ceiling.
There is an escape hatch in the ceiling here.
Found 22 stones.
A leopard gecko comes into view.
A leopard gecko is nearby!
A leopard gecko is nearby!
You hit the leopard gecko. You burn the leopard gecko.
You kill the leopard gecko!
No target in view!
No target in view!
Found 19 stones.
j - 2 scrolls of teleportation {@r4} (gained 1)
c - 2 potions of heal wounds {@q2} (gained 1)
A howler monkey comes into view.
The howler monkey howls!
A howler monkey is nearby!
A howler monkey is nearby!
A howler monkey is nearby!
The howler monkey hits you.
Found a scroll labelled FUK WIK ARCHINY.
You closely miss the howler monkey.
The howler monkey hits you but does no damage.
You barely miss the howler monkey. You block the howler monkey's attack.
The howler monkey hoots and howls with incredible vigour!
You hit the howler monkey but do no damage.
The howler monkey hits you but does no damage.
You hit the howler monkey. You burn the howler monkey.
The howler monkey hits you but does no damage. x2
You hit the howler monkey. You burn the howler monkey.
You headbutt the howler monkey!
You kill the howler monkey!
You have reached level 7!
B - a scroll labelled FUK WIK ARCHINY Could not explore, unopened door.
Could not explore, unopened door.
Could not explore, unopened door.
You open the door.
Found a curved wooden wand.
Found an opulent altar of Gozag.
There is an open door here.
C - a wand of digging (1)
There is an opulent altar of Gozag here.
There is an open door here.
There is a stone staircase leading up here.
An iguana comes into view.
The iguana hisses angrily.
An iguana is nearby!
You block the iguana's attack.
You barely miss the iguana. Your headbutt misses the iguana.
You block the iguana's attack.
You closely miss the iguana. You block the iguana's attack.
You barely miss the iguana. The iguana barely misses you.
An iguana is nearby!
An iguana is nearby!
Your scale mail prevents you from hitting the iguana.
The iguana bites you.
You closely miss the iguana. You headbutt the iguana!
The iguana barely misses you. You furiously retaliate!
You headbutt the iguana, but do no damage.
You slash the iguana! You burn the iguana.
You kill the iguana!
Your Armour skill increases to level 3!
Your Shields skill increases to level 5!
No target in view!
An ogre comes into view. It is wielding a +0 giant spiked club.
The ogre shouts!
Found a stone staircase leading down.
An ogre is nearby!
An ogre is nearby!
The ogre completely misses you.
You slash the ogre! You burn the ogre.
The ogre hits you with a +0 giant spiked club!!
You hear a shout!
You are too injured to fight recklessly!
You are too injured to fight recklessly!
You are too injured to fight recklessly!
You are too injured to fight recklessly!
An orc comes into view.
You hit the ogre. You burn the ogre. You headbutt the ogre.
The ogre hits you with a +0 giant spiked club!!
* * * LOW HITPOINT WARNING * * *
You hit the ogre. You burn the ogre. You headbutt the ogre.
The ogre hits you with a +0 giant spiked club!!
You die...

. ..#### #..? #.#
#... .....###.#
#.######.## #.....#
#........# ##....#
#.#####..# ## #.###.#
#.###.##.....## .#
#..#
#.#####..............
.# ##.#
#...o....##).........
.# #.#
####O###...)#####..##
.# #.# #@###.##.#
#.)<. .# #.#
#.....##># ###.# .#
.>. #.#.####.# .#
.###### ##. #.#.#
##.## .. ......#
#.#.# #...# .#.##.#
#.#.# #.#.#
##.##.####.## #.#.#
#...# #............
#.#.# ##.##
...##.#######
#.#.####.#


You could see an ogre and an orc.

Vanquished Creatures
  A black bear (D:2)
  An ogre (D:4)
  A howler monkey (D:4)
  2 orc priests (D:3)
  Jessica (D:3)
  An iguana (D:4)
  2 orc wizards (D:4)
  Robin (D:2)
  8 adders
  A worm (D:3)
  A dart slug (D:1)
  A leopard gecko (D:4)
  9 orcs
  2 ball pythons
  2 giant cockroaches
  13 goblins
  10 hobgoblins
  5 jackals
  9 kobolds
  9 bats
  5 frilled lizards
  A leopard gecko skeleton (D:4)
  5 rats
91 creatures vanquished.

Vanquished Creatures (others)
  A withered plant (D:2)
1 creature vanquished.

Grand Total: 92 creatures vanquished

Notes
Turn   | Place    | Note
-------+----------+-------------------------------------------
     0 | D:1      | CryoSword the Minotaur Monk began the quest for the Orb.
     0 | D:1      | Reached XP level 1. HP: 19/19 MP: 0/0
   288 | D:1      | Reached skill level 1 in Shields
   316 | D:1      | Reached skill level 4 in Axes
   316 | D:1      | Reached XP level 2. HP: 22/27 MP: 1/1
  1145 | D:2      | Found an ancient bone altar of Kikubaaqudgha.
  1150 | D:2      | Reached XP level 3. HP: 26/33 MP: 2/2
  1754 | D:2      | Noticed Robin
  1764 | D:2      | Reached XP level 4. HP: 38/40 MP: 3/3
  2096 | D:2      | Killed Robin
  2097 | D:2      | Reached skill level 1 in Armour
  2253 | D:2      | Noticed a black bear
  2264 | D:2      | Killed a black bear
  2265 | D:2      | Reached skill level 5 in Axes
  2265 | D:2      | Reached XP level 5. HP: 30/47 MP: 4/4
  2629 | D:3      | Found a basalt altar of Yredelemnul.
  2760 | D:3      | Noticed Jessica
  2801 | D:3      | Killed Jessica
  3116 | D:3      | Found a broken altar of Ashenzari.
  3121 | D:3      | Reached XP level 6. HP: 52/53 MP: 5/5
  3545 | D:4      | Reached skill level 6 in Axes
  3762 | D:4      | Reached skill level 5 in Fighting
  3855 | D:4      | Found a glowing silver altar of Zin.
  3959 | D:4      | Reached XP level 7. HP: 61/61 MP: 6/6
  3987 | D:4      | Found an opulent altar of Gozag.
  4049 | D:4      | Reached skill level 5 in Shields
  4078 | D:4      | Slain by an ogre

Illustrated notes

Levels and vault maps discovered:
D:1:      roderic_dead_forest, layout_basic, serial_park_tiny_pond,
          minmay_heptomino_o4
D:2:      layout_basic, kiku_gazebo_garden_becter, uniq_robin
D:3:      layout_loops_cross, lemuel_round_altar, cheibrodos_ashenzari_chains,
          kennysheep_generic_room_3, uniq_jessica
D:4:      layout_loops_ring, pdpol_temple_overflow_zin_treasury_gozag_greed,
          minmay_temple_entry_crystal_x

Skill      XL: |  1  2  3  4  5  6  7 |
---------------+----------------------+-----
Shields        | 1 2 3 4 5 |  5.0
Axes           | 4 5 6 |  6.5
Fighting       | 4 5 |  5.1
Armour         | 1 2 3 |  3.0
Dodging        | |  3.2
Stealth        | |  1.5

Action                   |  1- 3 |  4- 6 |  7- 9 || total
-------------------------+-------+-------+-------++-------
Melee: Hand axe          |    90 |   146 |     9 ||   245
       Headbutt          |    10 |    23 |     3 ||    36
       Unarmed           |       |    17 |       ||    17
  Use: Scroll            |     3 |       |       ||     3
 Stab: Sleeping          |     4 |       |       ||     4
Armor: Robe              |    17 |       |       ||    17
       Ring mail         |    11 |       |       ||    11
       Scale mail        |     2 |    70 |       ||    72
Dodge: Dodged            |    40 |    72 |     3 ||   115
Block: Kite shield       |    28 |    69 |     3 ||   100

Table legend: (Time is in decaauts)
 A = Elapsed time spent in this place.
 B = Non-inter-level travel time spent in this place.
 C = Inter-level travel time spent in this place.
 D = Time resting spent in this place.
 E = Time spent auto-exploring this place.
 F = Levels seen in this place.
 G = Mean time per level.
                   A        B        C        D        E       F      G
               +--------+--------+--------+--------+--------+-----+--------+
         Total |   4140 |   4064 |     76 |    680 |   2650 |   4 | 1035.0 |
       Dungeon |   4140 |   4064 |     76 |    680 |   2650 |   4 | 1035.0 |
               +--------+--------+--------+--------+--------+-----+--------+

Top non-repeatable levels by time:
     D:1: 1426 daAuts
     D:2: 1102 daAuts
     D:3: 1006 daAuts
     D:4: 605 daAuts
